 Dungeon Sprint DCSS version 0.20.0-15-g7f486f2 (webtiles) character file.

6459 equalderp2856 the Eviscerator (level 10, -10/49 HPs)
             Began as a Felid Fighter on June 26, 2017.
             Was an Initiate of Gozag.
             Killed from afar by a spellforged servitor (43 damage)
             ... with a bolt of cold
             ... summoned by Frederick
             ... in the Dungeon (Sprint VII: "The Pits").
             The game lasted 00:14:51 (3763 turns).

equalderp2856 the Eviscerator (Felid Fighter)       Turns: 3763, Time: 00:14:51

Health: -10/49     AC:  2    Str: 16    XL:     10   Next: 67%
Magic:  11/11      EV: 32    Int: 13    God:    Gozag
Gold:   1977       SH:  0    Dex: 18    Spells: 9/9 levels left
                                        Lives:  0   Deaths: 2

rFire    . . .     SeeInvis +     - Unarmed
rCold    . . .     Gourm    .   (shield unavailable)
rNeg     . . .     Faith    .   (armour unavailable)
rPois    .         Spirit   .   (helmet unavailable)
rElec    .         Reflect  .   (cloak unavailable)
rCorr    .         Harm     .   (gloves unavailable)
MR       +....     NoTele   +   (boots unavailable)
Stlth    ++++++....             (no amulet)
Regen    0.2/turn               n - +3 ring of strength
MPRegen  0.2/turn               m - +3 ring of intelligence

@: gold aura, bribing [the Dungeon], quick
A: no armour, no weapons or thrown items, stealth, claws 1, fangs 3, see
invisible, carnivore 3, speed 1, shaggy fur 2, slow metabolism 1, sharp paws
a: Potion Petition, Call Merchant, Bribe Branch, Renounce Religion


You were in the Dungeon.
You worshipped Gozag.
Gozag was most pleased with you.
You were not hungry.

You visited 1 branch You collected 4977 gold pieces.
You paid 3000 gold pieces to Gozag.

Inventory:

Jewellery
 m - a +3 ring of intelligence (right paw)
 n - a +3 ring of strength (left paw)
 p - the amulet of Qeram {RegenMP rElec MR+}
   (You found it in the Dungeon)

   [amulet of magic regeneration]

   It increases your magic regeneration.
   It insulates you from electricity.
   It affects your resistance to hostile enchantments.
 q - a +4 ring of slaying
Scrolls
 h - a scroll of blinking
 j - 3 scrolls of remove curse
 k - 5 scrolls of amnesia
 l - a scroll of summoning
Potions
 a - a potion of might
 c - 8 potions of curing
 d - 5 potions of heal wounds
 e - 2 potions of haste
 f - 4 potions of magic
 g - a potion of berserk rage
 i - 2 potions of invisibility
 o - 2 potions of brilliance
Miscellaneous
 r - a phial of floods
Comestibles
 b - 8 meat rations


   Skills:
 + Level 9.4 Fighting
 + Level 15.9 Dodging
 + Level 12.3 Stealth
 + Level 21.1 Unarmed Combat


You had 9 spell levels left.
You didn't know any spells.

Dungeon Overview and Level Annotations

Branches:
Dungeon (1/1)

Altars:
Ashenzari
Cheibriados
Dithmenos
Elyvilon
Fedhas
Gozag
Hepliaklqana
Kikubaaqudgha
Makhleb
Nemelex Xobeh
Okawaru
Qazlal
Ru
Sif Muna
Trog
Uskayaw
Vehumet
Xom
Yredelemnul
Zin
The Shining One
Beogh
Jiyva
Lugonu


Innate Abilities, Weirdness & Mutations

You cannot wear armour.
You are incapable of wielding weapons or throwing items.
Your paws allow you to move quietly. (Stealth)
You have sharp claws.
You have razor-sharp teeth.
You have supernaturally acute eyesight. (SInv)
You are carnivorous and can eat meat at any time.
You cover ground quickly.
You are covered in thick fur. (AC +2)
You have a slow metabolism.
Your sharp claws are effective at attacking unaware monsters.


Message History

You see here 90 gold pieces.
Your blizzard demon gestures at the spellforged servitor.
The bolt of cold hits the spellforged servitor.
The spellforged servitor resists.
You see here 90 gold pieces.
Your blizzard demon is engulfed in freezing vapours.
Your blizzard demon gestures at the spellforged servitor.
The bolt of lightning hits the spellforged servitor.
The spellforged servitor resists.
The spellforged servitor is engulfed in freezing vapours.
Your blizzard demon is engulfed in freezing vapours.
Your blizzard demon dies!
The spellforged servitor is distracted by the nearby gold.
The spellforged servitor is no longer distracted by gold.
You see here 90 gold pieces.
The spellforged servitor gestures at you while chanting.
The bolt of cold hits you!
Ouch! That really hurt!
You die...
Your body crumbles into a pile of gold.

+..#....#..### #++# +###
+...d......##2..........
#..........##.J...#.....
######..#....#..##pA#.....#..
....''....))....##.Y...#..Lc.
....''..........##Ce.....V...
##..##..#....#..#####''#
Y#..##..........$'.$$..# $
#..##.........$@8..$..# $
#..####''####++########
#..####''####++#
#..##......##....
##..##.#'##.##......
....##.#%%'.##..#####
....##.').#.##k.#
######.#).'.##..#
######.'")#.##.H#


You could see a spellforged servitor and a neutral white draconian (wandering).

Vanquished Creatures
  An apis (D)
  A great orb of eyes (D)
  A two-headed ogre (D)
  A shadow wraith (D)
  An unseen horror (D)
  A deep elf mage (D)
  An elephant (D)
  A molten gargoyle (D)
  Psyche (D)
  A kobold demonologist (D)
  A komodo dragon (D)
  A guardian mummy (D)
  A troll (D)
  A jumping spider (D)
  A hornet (D)
  A spriggan (D)
  A vampire (D)
  A basilisk (D)
  3 floating eyes (D)
  A water moccasin (D)
  A sky beast (D)
  A black bear (D)
  A phantom (D)
  6 wolves (D)
  4 killer bees (D)
  4 wights (D)
  2 crimson imps (D)
  2 iron imps (D)
  2 orc wizards (D)
  A worker ant (D)
  A gnoll (D)
  An adder (D)
  A white imp (D)
  An orc (D)
  3 hobgoblins (D)
  2 jackals (D)
  A frilled lizard (D)
  A kobold (D)
  A rat (D)
58 creatures vanquished.

Vanquished Creatures (collateral kills)
  An Executioner (D)
  An angel (D)
  A draconian annihilator (D)
  An apis (D)
  A blizzard demon (D)
  A catoblepas (D)
  An iron troll (D)
  3 yaktaurs (D)
  7 dream sheep (D)
  A neqoxec (D)
18 creatures vanquished.

Vanquished Creatures (others)
  Jory (D)
  A lich (D)
  A deep elf master archer (D)
  An acid blob (D)
  A frost giant (D)
  A centaur warrior (D)
  A spriggan (D)
  A wizard (D)
  A deep elf mage (D)
  An orange demon (D)
  A kobold demonologist (D)
  2 yaktaurs (D)
  An efreet (D)
  An ice devil (D)
  A hornet (D)
  A wyvern (D)
  A phantom (D)
  3 wights (D)
  An iron imp (D)
  An adder (D)
  A ball python zombie (D)
24 creatures vanquished.

Grand Total: 100 creatures vanquished

Notes
Turn   | Place    | Note
-------+----------+-------------------------------------------
     0 | D        | equalderp2856 the Felid Fighter began the quest for the Orb.
     0 | D        | Reached XP level 1. HP: 10/10 MP: 2/2
    76 | D        | Noticed a floating eye
    86 | D        | Paralysed by a floating eye for 2 turns
    89 | D        | Killed a floating eye
    89 | D        | Reached skill level 5 in Fighting
    89 | D        | Reached skill level 8 in Unarmed Combat
    89 | D        | Reached XP level 2. HP: 15/16 MP: 3/3
    89 | D        | Reached XP level 3. HP: 17/19 MP: 4/4
    89 | D        | Reached XP level 4. HP: 21/23 MP: 5/5
   125 | D        | Found a bloodstained altar of Trog.
   125 | D        | Found a deep blue altar of Sif Muna.
   125 | D        | Found a viscous altar of Jiyva.
   125 | D        | Found a hazy altar of Hepliaklqana.
   125 | D        | Found an opulent altar of Gozag.
   126 | D        | Found a glowing golden altar of the Shining One.
   126 | D        | Found a glowing silver altar of Zin.
   126 | D        | Found a basalt altar of Yredelemnul.
   126 | D        | Found a shimmering altar of Xom.
   126 | D        | Found a sacrificial altar of Ru.
   126 | D        | Found a stormy altar of Qazlal.
   126 | D        | Found an iron altar of Okawaru.
   126 | D        | Found a sparkling altar of Nemelex Xobeh.
   126 | D        | Found a burning altar of Makhleb.
   126 | D        | Found a blossoming altar of Fedhas.
   126 | D        | Found a white marble altar of Elyvilon.
   126 | D        | Found a shadowy altar of Dithmenos.
   126 | D        | Found a snail-covered altar of Cheibriados.
   129 | D        | Found a corrupted altar of Lugonu.
   129 | D        | Found a radiant altar of Vehumet.
   129 | D        | Found a roughly hewn altar of Beogh.
   130 | D        | Found an ancient bone altar of Kikubaaqudgha.
   130 | D        | Found a hide-covered altar of Uskayaw.
   130 | D        | Found a shattered altar of Ashenzari.
   133 | D        | Became a worshipper of Gozag Ym Sagoz the Greedy
   189 | D        | Noticed a floating eye
   190 | D        | Paralysed by a floating eye for 2 turns
   194 | D        | Killed a floating eye
   194 | D        | Reached skill level 9 in Unarmed Combat
   194 | D        | Reached XP level 5. HP: 27/27 MP: 6/6
   198 | D        | Reached skill level 10 in Unarmed Combat
   341 | D        | Noticed a floating eye
   344 | D        | Paralysed by a floating eye for 2 turns
   347 | D        | Killed a floating eye
   347 | D        | Reached skill level 11 in Unarmed Combat
   347 | D        | Gained mutation: You are covered in thick fur. (AC +2) [Felid growth]
   347 | D        | Reached XP level 6. HP: 31/31 MP: 7/7
   351 | D        | Noticed a sky beast
   358 | D        | Killed a sky beast
   502 | D        | Reached skill level 12 in Unarmed Combat
   512 | D        | Reached XP level 7. HP: 31/36 MP: 8/8
   528 | D        | Reached skill level 10 in Dodging
   531 | D        | Reached skill level 13 in Unarmed Combat
   714 | D        | Noticed a hornet
   716 | D        | Killed a hornet
   716 | D        | Reached skill level 1 in Stealth
   729 | D        | Reached skill level 14 in Unarmed Combat
   729 | D        | Reached XP level 8. HP: 40/40 MP: 9/9
   889 | D        | Noticed a kobold demonologist
   941 | D        | Killed a kobold demonologist
   949 | D        | Reached skill level 15 in Unarmed Combat
  1047 | D        | Noticed a deep elf mage
  1185 | D        | Killed a deep elf mage
  1247 | D        | Reached skill level 5 in Stealth
  1249 | D        | Reached skill level 16 in Unarmed Combat
  1249 | D        | Reached XP level 9. HP: 33/44 MP: 10/10
  1462 | D        | Noticed Psyche
  1462 | D        | Noticed a two-headed ogre
  1484 | D        | Noticed a jumping spider
  1497 | D        | Killed a jumping spider
  1648 | D        | Killed Psyche
  1648 | D        | Reached skill level 17 in Unarmed Combat
  1719 | D        | Noticed a molten gargoyle
  1719 | D        | Noticed an efreet
  1734 | D        | Noticed a shadow wraith
  1772 | D        | Killed a shadow wraith
  1970 | D        | Killed a two-headed ogre
  1970 | D        | Reached skill level 18 in Unarmed Combat
  1970 | D        | Reached XP level 10. HP: 49/49 MP: 11/11
  2052 | D        | Noticed a catoblepas
  2183 | D        | Noticed a lindwurm
  2184 | D        | Noticed a minotaur
  2270 | D        | Noticed a soul eater
  2572 | D        | Slain by a basilisk
  2573 | D        | Reached XP level 9. HP: -1/45 MP: 10/10
  2589 | D        | Killed a troll
  2612 | D        | Noticed an efreet
  2679 | D        | Killed a molten gargoyle
  2679 | D        | Reached skill level 19 in Unarmed Combat
  2713 | D        | Killed a deep elf mage
  2861 | D        | Noticed a tyrant leech
  2894 | D        | Noticed an orange demon
  2894 | D        | Reached skill level 10 in Stealth
  2919 | D        | Killed an efreet
  2934 | D        | Noticed a komodo dragon
  2946 | D        | Killed a komodo dragon
  2946 | D        | Reached XP level 10. HP: 49/49 MP: 11/11
  3117 | D        | Noticed a manticore
  3117 | D        | Noticed a black mamba
  3332 | D        | Noticed an unseen horror
  3361 | D        | Killed an unseen horror
  3464 | D        | Noticed an elephant
  3483 | D        | Killed an elephant
  3491 | D        | Killed from afar by a manticore
  3492 | D        | Reached XP level 9. HP: -2/45 MP: 10/10
  3566 | D        | Noticed a lindwurm
  3566 | D        | Noticed an ice devil
  3566 | D        | Noticed a dire elephant
  3566 | D        | Noticed a death yak
  3566 | D        | Noticed a death yak
  3566 | D        | Noticed a death yak
  3566 | D        | Noticed a death yak
  3570 | D        | Killed an ice devil
  3595 | D        | Noticed a centaur warrior
  3596 | D        | Noticed a spriggan rider
  3596 | D        | Noticed a yaktaur
  3596 | D        | Noticed a yaktaur
  3596 | D        | Noticed a yaktaur
  3596 | D        | Noticed a yaktaur
  3596 | D        | Noticed an iron troll
  3596 | D        | Noticed a white draconian
  3596 | D        | Killed a yaktaur
  3600 | D        | Killed a yaktaur
  3601 | D        | Killed a yaktaur
  3603 | D        | Killed a yaktaur
  3614 | D        | Killed a centaur warrior
  3620 | D        | Reached skill level 20 in Unarmed Combat
  3628 | D        | Killed a spriggan rider
  3634 | D        | Got the amulet of Qeram {RegenMP rElec MR+}
  3676 | D        | Killed a catoblepas
  3719 | D        | Noticed a blizzard demon
  3719 | D        | Noticed an acid blob
  3719 | D        | Noticed a wizard
  3719 | D        | Noticed an angel
  3719 | D        | Noticed a yaktaur
  3719 | D        | Noticed a lich
  3719 | D        | Noticed an apis
  3720 | D        | Noticed a deep elf master archer
  3720 | D        | Noticed Jory
  3720 | D        | Noticed a frost giant
  3720 | D        | Noticed an apis
  3722 | D        | Noticed a great orb of eyes
  3722 | D        | Killed an acid blob
  3722 | D        | Reached skill level 15 in Dodging
  3723 | D        | Killed a deep elf master archer
  3724 | D        | Killed a yaktaur
  3725 | D        | Killed an Executioner
  3725 | D        | Reached XP level 10. HP: 49/49 MP: 11/11
  3728 | D        | Killed a white draconian annihilator
  3732 | D        | Killed a frost giant
  3733 | D        | Your ally died
  3733 | D        | HP: 1/49 [great orb of eyes (14)]
  3736 | D        | Killed a great orb of eyes
  3737 | D        | Killed a lich
  3739 | D        | Killed a wizard
  3741 | D        | Killed an apis
  3749 | D        | Killed an apis
  3749 | D        | Reached skill level 21 in Unarmed Combat
  3752 | D        | Killed an angel
  3763 | D        | Killed from afar by a spellforged servitor

Skill      XL: |  1  2  3  4  5  6  7  8  9 10 |
---------------+-------------------------------+-----
Fighting       | 5 6 7 8 9 |  9.4
Dodging        | 6 7 8 9 10 11 15 | 15.9
Unarmed Combat | 8 9 11 12 14 16 20 21 | 21.1
Stealth        | 2 5 11 12 | 12.3

Action                   |  1- 3 |  4- 6 |  7- 9 | 10-12 || total
-------------------------+-------+-------+-------+-------++-------
Melee: Unarmed           |    12 |    35 |   150 |    30 ||   227
       Bite              |     1 |     1 |     9 |     5 ||    16
       Punch             |       |       |    10 |     4 ||    14
Invok: Bribe Branch      |       |       |     1 |       ||     1
  Use: Potion            |       |       |     4 |     3 ||     7
 Stab: Sleeping          |       |       |     2 |       ||     2
       Distracted        |       |       |     3 |     2 ||     5
  Eat: Chunk             |       |     2 |       |       ||     2
Armor: Skin              |       |       |     2 |     2 ||     4
Dodge: Dodged            |     2 |    23 |   110 |    53 ||   188
